 Dungeon Crawl Stone Soup version 0.31-a0-1338-gb567cfdca4 (webtiles) character file.

Game seed: 11037211651037504929

2604 Lobster4 the Firebug (level 9, -1/75 HPs)
             Began as a Hill Orc Fire Elementalist on Dec 21, 2023.
             Was a Follower of Nemelex Xobeh.
             Slain by a yak (15 damage)
             ... on level 6 of the Dungeon.
             The game lasted 00:16:19 (7340 turns).

Lobster4 the Firebug (Hill Orc Fire Elementalist)   Turns: 7340, Time: 00:16:20

Health: -1/75      AC:  6    Str: 13    XL:     9   Next: 59%
Magic:  1/33       EV: 11    Int: 17    God:    Nemelex Xobeh [*.....]
Gold:   259        SH:  0    Dex: 11    Spells: 13/16 levels left

rFire   . . .        M - +2 dagger (drain)
rCold   . . .        f - orb {light}
rNeg    . . .        C - +0 leather armour
rPois   .            (no helmet)
rElec   .            O - +0 cloak
rCorr   .            I - +0 pair of gloves
SInv    .            (no boots)
Will    .....        (no amulet)
Stlth   +            k - ring of magical power
HPRegen 0.32/turn    q - ring of magical power
MPRegen 0.23/turn

%: no passive effects
@: glowing
A: no striking features
a: Renounce Religion, Draw Escape, Draw Destruction, Draw Summoning


You were on level 6 of the Dungeon.
You worshipped Nemelex Xobeh.
Nemelex Xobeh was aware of your devotion.
You visited 1 branch of the dungeon, and saw 6 of its levels.

You collected 259 gold pieces.

Inventory:

Hand Weapons
 a - a +2 whip of electrocution
 c - a +0 dagger
 h - a +0 hand axe
 y - a +0 war axe
 L - a +0 mace
 M - a +2 dagger of draining (weapon)
Missiles
 g - 7 boomerangs
 r - 4 poisoned darts
 K - a curare-tipped dart
Armour
 f - an orb of light (worn)
 m - a +0 ring mail
 C - a +0 leather armour (worn)
 I - a +0 pair of gloves (worn)
 O - a +0 cloak (worn)
Magical Staves
 t - a staff of alchemy
Jewellery
 k - a ring of magical power (left hand)
 l - a ring of poison resistance
 q - a ring of magical power (right hand)
 P - a ring of protection from fire
Talismans
 w - a flux talisman
Wands
 A - a wand of flame (11)
Scrolls
 e - 3 scrolls of teleportation
 n - a scroll of blinking {unknown}
 o - a scroll of fog {unknown}
 s - 2 scrolls of enchant weapon {unknown}
 v - a scroll of enchant armour {unknown}
 D - a scroll of vulnerability {unknown}
 F - a scroll of poison {unknown}
 H - a scroll of torment {unknown}
 J - a scroll of noise {unknown}
Potions
 b - 2 potions of magic
 d - a potion of curing
 i - 2 potions of heal wounds {unknown}
 j - a potion of cancellation {unknown}
 p - a potion of might
 u - a potion of berserk rage {unknown}
 x - a potion of brilliance
 z - a potion of ambrosia
 B - a potion of resistance
 E - a potion of enlightenment {unknown}
 G - a potion of lignification {unknown}
 N - a potion of attraction {unknown}


   Skills:
 + Level 6.0 Fighting
 + Level 6.2 Axes
 + Level 4.7 Armour
 - Level 2.0 Dodging
 - Level 1.5 Stealth
 + Level 4.0 Spellcasting
 + Level 4.8 Conjurations
 + Level 6.2 Fire Magic
 + Level 5.0 Invocations


You had 13 spell levels left.
You knew the following spells:

 Your Spells              Type           Power      Damage    Failure   Level
a - Foxfire               Conj/Fire      88%        2x1d8     1%          1
b - Scorch                Fire           48%        2d7       2%          2

Your spell library contained the following spells:

 Spells                   Type           Power      Damage    Failure   Level
 Static Discharge         Conj/Air       22%        3-4/arc   11%         2
 Inner Flame              Hex/Fire       14%        N/A       16%         3
 Volatile Blastmotes      Fire/Tloc      28%        2d12      16%         3
 Flame Wave               Conj/Fire      22%        2d8       21%         4
 Lesser Beckoning         Tloc           6%         N/A       28%         2
 Gell's Gravitas          Tloc           3%         N/A       50%         3
 Teleport Other           Tloc           3%         N/A       50%         3
 Airstrike                Air            1%         2d(1-17)  88%         4
 Summon Lightning Spire   Summ/Air       3%         N/A       88%         4


Dungeon Overview and Level Annotations

Branches:
Dungeon (6/15)
 Temple: D:4-7

Altars:
Hepliaklqana
Nemelex Xobeh
Wu Jian
The Shining One

Shops:
D:4 :

Annotations:
D:1 1 exclusion
D:6 1 runed translucent door, Azoth's ghost, novice GrEE


Message History

The yak is no longer more vulnerable to fire.
The foxfire hits the yak.
The yak is heavily wounded.
The foxfire hits the yak.
The yak is heavily wounded.
The yak closely misses you. The yak gores you but does no damage.
Your magical contamination has completely faded away.
Unknown command.
Casting: Scorch (safe; 2% risk of failure)
Confirm with . or Enter, or press ? or * to list all spells.
You don't have enough magic to cast this spell.
Okay, then.
Okay, then.
Unknown command.
Unknown command.
Aiming: Throw Flame
Press: ? - help, Shift-Dir - straight line, f - yak
Aim: a yak (severely wounded, more vulnerable to fire, haloed, 87% to hit)
The puff of flame hits the yak.
The yak is burned terribly!
The yak is almost dead.
The yak closely misses you. The yak gores you!
* * * LOW HITPOINT WARNING * * *
Aiming: Throw Flame
Press: ? - help, Shift-Dir - straight line, f/p - yak
Aim: a yak (almost dead, more vulnerable to fire, haloed, 87% to hit)
The puff of flame hits the yak but does no damage.
The yak is almost dead.
The yak gores you!
* * * LOW HITPOINT WARNING * * *
The yak gores you.
* * * LOW HITPOINT WARNING * * *
It was a potion of curing.
You feel better. The yak closely misses you. x2
Aiming: Throw Flame
Press: ? - help, Shift-Dir - straight line, f/p - yak
Aim: a yak (almost dead, more vulnerable to fire, haloed, 87% to hit)
The puff of flame hits the yak!
The yak is burned terribly!
You kill the yak!
The yak gores you!
You die...
Your body glows slightly brighter and disappears.

###### ###### #....#
#....### #....#
#.......
#....######.......
#.................
#.....@...........
##
#....Y†.....########
#.
#....#>............#
#.
######.####........#
#. #.##..........#
#. #.##.##.......#
#. #.##. #.......#
#. #'## #.......####
... #.......#...


You could see a yak.

Vanquished Creatures
  Grinder (D:3)
  Sigmund (D:6)
  A wraith (D:6)
  4 yaks (D:6)
  A vampire mosquito (D:6)
  An orc warrior (D:6)
  A black bear (D:6)
  3 ogres (D:5)
  2 centaurs
  A phantom (D:4)
  A kobold brigand (D:6)
  A bullfrog (D:6)
  2 scorpions
  2 jellies (D:4)
  3 orc priests
  A hound (D:5)
  A sleepcap (D:4)
  2 iguanas
  4 orc wizards
  8 gnolls
  7 adders
  2 bombardier beetles (D:5)
  2 worms
  2 dart slugs
  21 orcs
  5 ball pythons
  7 bats
  6 endoplasms
  5 giant cockroaches
  4 goblins
  5 hobgoblins
  16 jackals
  3 quokkas
  A frilled lizard (D:2)
  13 kobolds
  5 rats
145 creatures vanquished.

Vanquished Creatures (others)
  484 foxfires
484 creatures vanquished.

Grand Total: 629 creatures vanquished

Notes
Turn   | Place    | Note
-------+----------+-------------------------------------------
     0 | D:1      | Lobster4 the Hill Orc Fire Elementalist began the quest for
                  | the Orb.
     0 | D:1      | Reached XP level 1. HP: 14/14 MP: 3/3
   244 | D:1      | Reached XP level 2. HP: 9/22 MP: 0/4
   495 | D:1      | Learned a level 2 spell: Scorch
   732 | D:1      | Reached skill level 1 in Fighting
  1344 | D:2      | Reached XP level 3. HP: 28/28 MP: 3/5
  1617 | D:2      | Reached skill level 1 in Axes
  1617 | D:2      | Reached skill level 1 in Armour
  1678 | D:2      | Found a faded altar of an unknown god.
  1847 | D:2      | Reached XP level 4. HP: 34/35 MP: 1/6
  3164 | D:3      | Reached XP level 5. HP: 41/41 MP: 8/8
  3637 | D:3      | Noticed Grinder
  3660 | D:3      | Killed Grinder
  3661 | D:3      | Reached XP level 6. HP: 51/51 MP: 9/9
  3824 | D:3      | Found a faded altar of an unknown god.
  3824 | D:3      | Found an ornate altar of the Wu Jian Council.
  3832 | D:3      | Found a sparkling altar of Nemelex Xobeh.
  3834 | D:3      | Found a faded altar of an unknown god.
  3836 | D:3      | Found a hazy altar of Hepliaklqana.
  3840 | D:3      | Became a worshipper of Nemelex Xobeh the Trickster
  4361 | D:4      | Reached XP level 7. HP: 57/57 MP: 11/11
  4466 | D:4      | Found Aroafaop's Vocational Training.
  4473 | D:4      | Reached skill level 1 in Invocations
  5256 | D:4      | Reached * piety under Nemelex Xobeh
  5609 | D:5      | Entered Level 5 of the Dungeon
  5768 | D:5      | Reached XP level 8. HP: 66/66 MP: 12/12
  5992 | D:5      | Received a gift from Nemelex Xobeh
  6021 | D:5      | Reached skill level 5 in Fire Magic
  6719 | D:6      | Noticed a yak
  6719 | D:6      | Noticed a yak
  6719 | D:6      | Noticed a yak
  6719 | D:6      | Noticed a yak
  6719 | D:6      | Noticed a yak
  6804 | D:6      | Reached skill level 5 in Fighting
  6804 | D:6      | Reached skill level 5 in Axes
  6822 | D:6      | Reached XP level 9. HP: 60/74 MP: 3/14
  6976 | D:6      | Noticed Sigmund
  6991 | D:6      | Killed Sigmund
  6992 | D:6      | Found a glowing golden altar of the Shining One.
  7112 | D:6      | Found a runed translucent door.
  7122 | D:6      | Noticed Azoth's ghost (novice GrEE)
  7205 | D:6      | Noticed a two-headed ogre
  7329 | D:6      | Reached skill level 5 in Invocations
  7340 | D:6      | Slain by a yak

Illustrated notes

Levels and vault maps discovered:
D:1:      dpeg_arrival_brainrot, layout_basic, serial_corexii_hall,
          corexii_hall_statues_u, chequers_hall_statues_wall_a,
          corexii_hall_statues_l
D:2:      layout_basic, basic_ecumenical_altar, minmay_joined_circles
D:3:      layout_loops_corners, chequers_temple_overflow_minitemple,
          kennysheep_cross_room, minmay_door_square, minmay_goblin_kobold_house,
          uniq_grinder
D:4:      layout_loops_ring, nicolae_shop_vocational
D:5:      layout_loops_ring
D:6:      layout_basic, nicolae_overflow_macrodata_refinement,
          ebering_ghost_sewer_d, kb_rosetta, uniq_sigmund

Skill      XL: |  1  2  3  4  5  6  7  8  9 |
---------------+----------------------------+-----
Fighting       | 1 2 3 4 5 6 |  6.0
Axes           | 1 2 3 4 5 6 |  6.2
Armour         | 1 2 3 4 |  4.7
Dodging        | 2 |  2.0
Spellcasting   | 2 3 4 |  4.0
Conjurations   | 2 3 4 |  4.8
Fire Magic     | 4 5 6 |  6.2
Invocations    | 2 4 5 |  5.0
Stealth        | |  1.5

Action                     |  1- 3 |  4- 6 |  7- 9 || total
---------------------------+-------+-------+-------++-------
  Melee: Dagger            |    20 |     5 |       ||    25
   Cast: Foxfire           |    53 |    95 |   143 ||   291
         Scorch            |     2 |    16 |    77 ||    95
  Evoke: Wand              |       |       |     3 ||     3
    Use: Scroll            |       |     4 |     2 ||     6
         Potion            |       |       |     1 ||     1
 Armour: Robe              |    26 |     8 |       ||    34
         Leather armour    |       |       |    63 ||    63
  Dodge: Dodged            |    29 |     8 |    52 ||    89

Table legend: (Time is in decaauts)
 A = Elapsed time spent in this place.
 B = Non-inter-level travel time spent in this place.
 C = Inter-level travel time spent in this place.
 D = Time resting spent in this place.
 E = Time spent auto-exploring this place.
 F = Levels seen in this place.
 G = Mean time per level.
                   A        B        C        D        E       F      G
               +--------+--------+--------+--------+--------+-----+--------+
         Total |   7342 |   6869 |    473 |    979 |   4798 |   6 | 1223.7 |
       Dungeon |   7342 |   6869 |    473 |    979 |   4798 |   6 | 1223.7 |
               +--------+--------+--------+--------+--------+-----+--------+

Top non-repeatable levels by time:
     D:3: 1629 daAuts
     D:1: 1429 daAuts
     D:2: 1420 daAuts
     D:4: 1129 daAuts
     D:5: 1121 daAuts
     D:6: 611 daAuts
